 Dungeon Crawl Stone Soup version 0.25-a0-339-gb37b713d4c (webtiles) character file.

89 skanx the Stinger (level 4, 33/33 HPs)
             Began as a Draconian Venom Mage on Nov 2, 2017.
             Was an Initiate of Yredelemnul.
             Quit the game on level 2 of the Dungeon on Dec 28, 2019.
             The game lasted 01:08:09 (2008 turns).

skanx the Stinger (Draconian Venom Mage)            Turns: 2008, Time: 01:08:10

Health: 33/33      AC:  6    Str: 10    XL:     4   Next: 31%
Magic:  7/7        EV: 12    Int: 16    God:    Yredelemnul [......]
Gold:   69         SH:  0    Dex: 12    Spells: 2/8 levels left

rFire    + . .     SeeInvis +   m - +0 short sword
rCold    x . .     Gourm    .   (no shield)
rNeg     . . .     Faith    .   (armour unavailable)
rPois    .         Spirit   .   (helmet restricted)
rElec    .         Reflect  .   (no cloak)
rCorr    .         Harm     .   (no gloves)
MR       .....                  l - +0 pair of boots
Stlth    ++........             (no amulet)
HPRegen  0.11/turn              j - ring of see invisible
MPRegen  0.10/turn              v - ring of fire

@: no status effects
A: unfitting armour, cold-blooded, AC +5
a: Renounce Religion


You were on level 2 of the Dungeon.
You worshipped Yredelemnul.
Yredelemnul was noncommittal.
You were not hungry.

You visited 1 branch of the dungeon, and saw 2 of its levels.

You collected 69 gold pieces.

Inventory:

Hand Weapons
 d - a +0 club
 g - a +2 short sword of holy wrath
 h - a +0 club
 k - a +0 hunting sling
 m - a +0 short sword (weapon)
 q - a +0 mace
 s - a +0 spear
 t - a cursed -3 hunting sling
Missiles
 e - 75 stones (quivered)
 f - 21 arrows
 u - 26 sling bullets
Armour
 l - a +0 pair of boots (worn)
Jewellery
 j - a ring of see invisible (left hand)
 v - a ring of fire (right hand)
 x - an uncursed ring of ice
Scrolls
 n - a scroll of remove curse
 o - 3 scrolls of identify
 w - a scroll of enchant weapon
Potions
 i - a potion of agility
Comestibles
 b - 2 rations
 c - 4 chunks of flesh
 p - a ration


   Skills:
 + Level 0.2 Fighting
 * Level 1.0 Short Blades
 - Level 0.5 Maces & Flails
 + Level 2.1 Dodging
 + Level 2.2 Stealth
 + Level 1.2 Unarmed Combat
 + Level 2.5 Spellcasting
 + Level 1.2 Conjurations
 + Level 3.5 Poison Magic


You had 2 spell levels left.
You knew the following spells:

 Your Spells              Type           Power        Failure   Level  Hunger
a - Sting                 Tmut/Pois      #...         10%         1    #......
b - Poisonous Vapours     Pois/Air       #.....       14%         2    ##.....
c - Mephitic Cloud        Conj/Pois/Air  #.......     30%         3    ###....

Your spell library contained the following spells:

 Spells                   Type           Power        Failure   Level  Hunger
 Ignite Poison            Fire/Tmut/Pois #.......     36%         3    ###....
 Olgreb's Toxic Radiance  Pois           ##......     41%         4    #####..


Dungeon Overview and Level Annotations

Branches:
Dungeon (2/15)

Altars:
Yredelemnul


Innate Abilities, Weirdness & Mutations

Your plain brown scales are hard. (AC +5)
You cannot fit into any form of body armour.
You are cold-blooded and may be slowed by cold attacks.


Message History

There is a web here.
You are caught in the web!
There is a web here.
You struggle to detach yourself from the web.
You struggle to detach yourself from the web.
You disentangle yourself.
You are caught in the web!
There is a web here.
Okay, then.
You disentangle yourself.
Okay, then.
Unknown command.
Unknown command.
Unknown command.
Unknown command.
Okay, then.
Okay, then.
Are you sure you want to abandon this character and quit the game? (Confirm with "yes".)

#....# #####.......#.# #.#
##.#.# #...[.....>...# #..
#.#.# #.###.###.<#### ###
#.#.# #.# #.# #..## #.#.# ###
#####...## #.#.# ######.....#
#.#.# ##^#^###.#..# ######
#.#.# ####^^.^# #.#..# #.....
#.#.# #..'.^@_###.#..###.####
#.#.# #.##^^..##..#..#.....#
#.#.####.###^#^##.....#.###.##
#...)....# ######.......# #...
###.#############..##.#.###.##
#.# ##..............#.......
#.# #...#######..######.....
#.###.#.### #..# ####.#
#.#...#...#####..########...


There were no monsters in sight!

Vanquished Creatures
  4 adders (D:2)
  An ooze (D:1)
  2 dart slugs (D:1)
  A leopard gecko (D:2)
  A ball python (D:2)
  8 bats
  3 giant cockroaches (D:1)
  8 goblins
  2 hobgoblins
  2 kobolds
  2 frilled lizards (D:1)
  10 rats
  A spectral orc (D:2)
45 creatures vanquished.

Notes
Turn   | Place    | Note
-------+----------+-------------------------------------------
     0 | D:1      | skanx the Draconian Venom Mage began the quest for the Orb.
     0 | D:1      | Reached XP level 1. HP: 14/14 MP: 3/3
   312 | D:1      | Reached XP level 2. HP: 14/20 MP: 5/5
   321 | D:1      | Upgraded the game from 0.21-a0-414-gba8bdf1 to
                  | 0.21-a0-417-g0adc95b
   324 | D:1      | Upgraded the game from 0.21-a0-417-g0adc95b to
                  | 0.21-a0-421-gfc1ce30
   331 | D:1      | Learned a level 2 spell: Poisonous Vapours
   509 | D:1      | Reached skill level 1 in Unarmed Combat
   658 | D:1      | Reached XP level 3. HP: 26/26 MP: 1/6
  1149 | D:1      | You fall through a shaft!
  1196 | D:2      | Learned a level 3 spell: Mephitic Cloud
  1473 | D:2      | Reached skill level 1 in Short Blades
  1473 | D:2      | Reached XP level 4. HP: 25/33 MP: 3/7
  1939 | D:2      | Found a basalt altar of Yredelemnul.
  1951 | D:2      | Became a worshipper of Yredelemnul the Dark
  2008 | D:2      | Quit the game

Levels and vault maps discovered:
D:1:      dpeg_arrival_erosion
D:2:      yredelemnul_forgotten_temple_becter, minmay_tetromino_t4

Skill      XL: |  1  2  3 |
---------------+----------+-----
Stealth        | 2 |  2.2
Unarmed Combat | 1 |  1.2
Dodging        | 2 |  2.1
Short Blades   | 1 |  1.0
Fighting       | |  0.2
Maces & Flails | |  0.5
Spellcasting   | |  2.5
Conjurations   | |  1.2
Poison Magic   | |  3.5

Action                   |  1- 3 |  4- 6 || total
-------------------------+-------+-------++-------
Melee: Unarmed           |    50 |       ||    50
       Tailslap          |     5 |     1 ||     6
       Club              |     2 |       ||     2
       Short sword       |    11 |     5 ||    16
 Cast: Sting             |    41 |    12 ||    53
       Poisonous Vapours |     2 |     4 ||     6
  Use: Scroll            |     3 |       ||     3
       Potion            |       |     3 ||     3
  Eat: Chunk             |     3 |     2 ||     5
Armor: Skin              |    44 |     3 ||    47
Dodge: Dodged            |    84 |     6 ||    90

Table legend:
 A = Non-vault XP
 B = Vault XP
 C = Vault XP percentage of total XP
 D = Non-vault monster count
 E = Vault monster count
 F = Vault count percentage of total count
                 A         B        C        D         E       F
            +---------+---------+-------+---------+---------+-------
      Total |     128 |       0 |   0.0 |      45 |       0 |   0.0
            +---------+---------+-------+---------+---------+-------
        D:1 |      48 |       0 |   0.0 |      26 |       0 |   0.0
        D:2 |      80 |       0 |   0.0 |      19 |       0 |   0.0
            +---------+---------+-------+---------+---------+-------
